 Dungeon Crawl Stone Soup version 0.17-a0-1667-g4ca74a1 (webtiles) character file.

536 karlkraus the Shield-Bearer (level 7, -1/61 HPs)
             Began as a Minotaur Fighter on Aug 18, 2015.
             Slain by Duvessa
             ... wielding a cursed -2 short sword
              (5 damage)
             ... on level 4 of the Dungeon.
             The game lasted 00:05:25 (2207 turns).

karlkraus the Shield-Bearer (Minotaur Fighter)      Turns: 2207, Time: 00:05:25

Health: -1/61      AC: 10    Str: 20    XL:     7   Next: 4%
Magic:  6/6        EV:  9    Int:  5    God:
Gold:   180        SH: 10    Dex: 12    Spells: 0 memorised, 6 levels left

rFire  . . .     SeeInvis .     v - +0 mace (holy)
rCold  . . .     Clarity  .     b - +0 scale mail
rNeg   . . .     SustAt   .     c - +0 shield
rPois  .         Gourm    .     (helmet restricted)
rElec  .         Spirit   .     g - +0 cloak
rCorr  .         Warding  .     t - +0 pair of gloves
rMut   .         Stasis   .     (no boots)
MR     .....                    (no amulet)
Stlth  ..........               (no ring)
                                (no ring)

@: not resistant to hostile enchantments, extremely unstealthy
A: retaliatory headbutt, horns 2
a: no special abilities


You were on level 4 of the Dungeon.
You were near starving.

You visited 1 branch of the dungeon, and saw 4 of its levels.

You collected 180 gold pieces.

Inventory:

Hand weapons
 v - a +0 mace of holy wrath (weapon)
Armour
 b - a +0 scale mail (worn)
 c - a +0 shield (worn)
 g - a +0 cloak (worn)
 t - a +0 pair of gloves (worn)
Jewellery
 y - an uncursed amulet of stasis {unknown}
Magical devices
 a - a wand of frost (28)
Scrolls
 f - a scroll of teleportation {unknown}
 h - 3 scrolls of enchant weapon {unknown}
 k - 2 scrolls of immolation {unknown}
 n - 2 scrolls of fog {unknown}
 p - 2 scrolls of fear {unknown}
 q - 3 scrolls of identify {unknown}
 s - a scroll of remove curse {unknown}
 u - a scroll of noise {unknown}
 w - a scroll of random uselessness {unknown}
Potions
 i - 4 potions of curing {unknown}
 l - 2 potions of magic {unknown}
 m - a potion of brilliance {unknown}
 o - a potion of poison {unknown}
 r - 2 potions of cancellation {unknown}
Comestibles
 e - 3 bread rations
 j - 4 beef jerkies
 x - a royal jelly
 z - a meat ration


   Skills:
 + Level 5.0 Fighting
 + Level 3.8 Maces & Flails
 + Level 5.5 Armour
 + Level 3.4 Dodging
 + Level 6.0 Shields


You had 6 spell levels left.
You didn't know any spells.

Dungeon Overview and Level Annotations

Branches:
Dungeon (4/15)
 Temple: D:4-7

Altars:
Kikubaaqudgha
Nemelex Xobeh
Okawaru
Sif Muna
Xom

Annotations:
D:4 Duvessa


Innate Abilities, Weirdness & Mutations

You reflexively headbutt those who attack you in melee.
You have a pair of horns on your head.


Message History

Duvessa is moderately wounded.
You feel yourself speed up.
Duvessa hits you with an enchanted short sword!
* * * LOW HITPOINT WARNING * * *
The adder skeleton barely misses you. You furiously retaliate!
You headbutt the adder skeleton. The adder skeleton barely misses you.
You furiously retaliate!
You headbutt the adder skeleton.
Duvessa hits you with an enchanted short sword.
* * * LOW HITPOINT WARNING * * *
You hit Duvessa but do no damage.
Duvessa is moderately wounded.
You block Duvessa's attack. You block the adder skeleton's attack.
You block Duvessa's attack.
The adder skeleton bites you but does no damage.
You hit Duvessa but do no damage.
Duvessa is moderately wounded.
You block Duvessa's attack.
The adder skeleton bites you but does no damage.
Duvessa hits you with an enchanted short sword.
You die...

#.....#####...### #.
#.....# #>......#
###.####.....# #.......#
.......#.....# #.......#
.......####### #.......#
..........######.#...#>#
.......##.#............#
......e.............####
.[....)@........#####
......Z.#.......#
###.....#.......#
##.......######
#.#####.# #. ..# # ####


You could see Duvessa (berserk) and an adder skeleton.

Vanquished Creatures
  The ghost of matakusis the Chopper, an average DsGl (D:3)
  An ogre (D:3)
  Dowan (D:4)
  An orc priest (D:3)
  An iguana (D:4)
  A giant frog skeleton (D:4)
  Natasha (D:4)
  2 orc wizards (D:3)
  2 adders
  2 gnolls (D:2)
  An ooze (D:2)
  2 worms
  4 giant geckos
  5 orcs (D:3)
  2 ball pythons (D:3)
  2 giant cockroaches
  16 hobgoblins
  4 kobolds
  A quokka (D:3)
  8 bats
  2 giant newts
  6 goblins
  10 rats
76 creatures vanquished.

Notes
Turn   | Place    | Note
--------------------------------------------------------------
     0 | D:1      | karlkraus the Minotaur Fighter began the quest for the Orb.
     0 | D:1      | Reached XP level 1. HP: 19/19 MP: 0/0
   114 | D:1      | Found a sparkling altar of Nemelex Xobeh.
   246 | D:1      | Reached XP level 2. HP: 27/27 MP: 1/1
   401 | D:1      | Reached skill level 4 in Fighting
   646 | D:2      | Reached XP level 3. HP: 26/33 MP: 2/2
   834 | D:2      | Found an iron altar of Okawaru.
   837 | D:2      | Found a deep blue altar of Sif Muna.
  1001 | D:2      | Reached XP level 4. HP: 27/41 MP: 3/3
  1198 | D:2      | Found an ancient bone altar of Kikubaaqudgha.
  1199 | D:2      | Found a sparkling altar of Nemelex Xobeh.
  1279 | D:3      | Reached skill level 1 in Dodging
  1347 | D:3      | Noticed matakusis's ghost (average DsGl)
  1356 | D:3      | Killed matakusis's ghost
  1356 | D:3      | Reached skill level 5 in Shields
  1356 | D:3      | Reached XP level 5. HP: 6/47 MP: 4/4
  1668 | D:3      | Reached skill level 5 in Armour
  1668 | D:3      | Reached XP level 6. HP: 42/53 MP: 5/5
  2025 | D:3      | Noticed an ogre
  2037 | D:3      | Killed an ogre
  2037 | D:3      | Reached skill level 5 in Fighting
  2096 | D:3      | Found a shimmering altar of Xom.
  2167 | D:4      | Noticed Natasha
  2183 | D:4      | Killed Natasha
  2197 | D:4      | Noticed Duvessa
  2197 | D:4      | Noticed Dowan
  2203 | D:4      | Killed Dowan
  2203 | D:4      | Reached skill level 6 in Shields
  2203 | D:4      | Reached XP level 7. HP: 26/61 MP: 6/6
  2207 | D:4      | Slain by Duvessa

Vault maps used:
D:1:      mrwooster_arrival_statue_3, kennysheep_flooded_box, minmay_box_of_dots
D:2:      minitemple, serial_bayou_pond_c, hangedman_glass_garden,
          kennysheep_pointless_box, amalloy_card_club
D:3:      lemuel_doored_altar
D:4:      kennysheep_big_flooded_room, kennysheep_little_box, first_bread,
          kennysheep_generic_room_4, uniq_eustachio, uniq_natasha, uniq_duvessa

Action                   |  1- 3 |  4- 6 |  7- 9 || total
-------------------------+-------+-------+-------++-------
Melee: Flail             |   120 |    43 |       ||   163
       Mace              |       |    78 |     4 ||    82
  Use: Potion            |       |     1 |       ||     1
  Eat: Chunk             |       |     3 |       ||     3
